Map: Data-C

Players

Pwnalot - Winner!

  • Race: Zerg Zerg
  • League: Bronze
  • Spawn Location: 9:00

VOD

Have the link to the VOD?

Description

Time

  • Played on: Sept. 7, 2022, 8:49 p.m.
  • Length: 20:05
Show
View Real Time Build Order
Export as new Build Order

Pwnalot Zerg - Winner!

Build Orders:  

Get SALT Encoding   

  12  0:01  Drone  
  13  0:18  Overlord  
  13  0:24  Drone  
  14  0:43  Drone  
  14  0:44  Drone  
  16  0:50  Extractor, Drone  
  16  1:21  Hatchery, Drone  
  16  1:26  Drone  
  17  1:50  Spawning Pool  
  17  1:55  Drone  
  17  2:01  Drone  
  17  2:07  Drone  
  19  2:19  Drone  
  20  2:25  Extractor  
  19  2:34  Overlord  
  19  2:51  Drone  
  20  3:03  Drone  
  20  3:07  Queen  
  23  3:16  Lair  
  23  3:22  Spine Crawler  
  22  3:32  Spine Crawler  
  22  3:38  Drone  
  22  3:43  Drone  
  22  3:48  Drone  
  24  3:53  Drone  
  24  3:59  Drone  
  26  4:06  Extractor  
  25  4:13  Extractor  
  24  4:26  Spire  
  24  4:29  Drone  
  24  4:33  Drone  
  25  4:42  Drone  
  26  4:54  Queen  
  28  5:02  Drone  
  29  5:10  Drone x2  
  29  5:13  Drone  
  32  5:23  Overlord  
  32  5:31  Drone  
  32  5:32  Drone  
  34  5:43  Overlord  
  34  5:45  Drone  
  35  5:57  Drone x2  
  35  5:59  Drone  
  38  6:05  Drone  
  39  6:14  Overlord  
  39  6:25  Zerg Flyer Armor Level 1  
  39  6:28  Drone  
  40  6:31  Drone  
  40  6:34  Drone  
  40  6:38  Drone  
  43  6:41  Drone  
  43  6:45  Drone  
  45  6:51  Drone x2  
  45  6:57  Overlord  
  47  7:03  Overlord  
  47  7:18  Overlord  
  47  7:23  Drone  
  47  7:24  Drone  
  47  7:25  Extractor  
  48  8:01  Mutalisk  
  48  8:02  Mutalisk  
  48  8:03  Mutalisk  
  48  8:04  Mutalisk  
  48  8:05  Mutalisk  
  48  8:06  Mutalisk  
  48  8:07  Mutalisk x2  
  48  8:09  Mutalisk  
  66  8:11  Mutalisk  
  66  8:13  Mutalisk  
  70  8:27  Mutalisk  
  70  8:28  Mutalisk  
  52  8:30  Mutalisk  
  74  8:34  Mutalisk  
  78  8:51  Hydralisk Den  
  78  8:57  Burrow  
  77  9:15  Hatchery  
  77  9:18  Drone x2  
  77  9:19  Drone x2  
  80  9:22  Overlord x2  
  80  9:28  Pneumatized Carapace  
  80  9:42  Lurker Den  
  79  10:14  Extractor  
  79  10:15  Zerg Flyer Armor Level 2  
  78  10:24  Evolution Chamber  
  78  10:29  Evolution Chamber  
  76  10:54  Overlord x2  
  76  10:55  Overlord  
  76  10:59  Hydralisk  
  78  11:00  Hydralisk x4  
  78  11:01  Hydralisk  
  78  11:03  Drone  
  78  11:04  Drone x3  
  92  11:14  Unknown  
  92  11:20  Infestation Pit  
  92  11:21  Zerg Missile Weapons Level 1  
  92  11:24  Zerg Ground Armor Level 1  
  91  11:43  Lurker  
  91  11:44  Lurker x3  
  95  12:05  Drone x2  
  95  12:06  Drone x2  
  95  12:07  Overlord x2  
  99  12:24  Queen  
  101  12:48  Infestor  
  101  12:49  Infestor  
  105  12:52  Hive  
  105  12:53  Overseer x2  
  105  12:57  Pathogen Glands  
  105  13:00  Hydralisk  
  105  13:01  Hydralisk  
  105  13:03  Hydralisk  
  105  13:07  Hydralisk  
  113  13:13  Hydralisk  
  113  13:18  Drone x2  
  117  13:54  Hatchery  
  117  13:57  Unknown, Hydralisk x3  
  117  13:59  Hydralisk  
  124  14:01  Extractor  
  124  14:03  Hydralisk  
  124  14:07  Extractor  
  124  14:08  Drone x2  
  126  14:13  Drone x2  
  128  14:35  Zerg Missile Weapons Level 2  
  128  14:45  Zerg Ground Armor Level 2  
  128  14:59  Zerg Flyer Armor Level 3  
  128  15:17  Overlord x3  
  128  15:18  Drone x2  
  130  15:23  Drone  
  130  15:24  Drone  
  130  15:26  Drone  
  133  15:42  Unknown  
  133  15:45  Drone x2  
  133  15:46  Drone  
  133  15:48  Queen  
  138  16:06  Mutalisk x3  
  138  16:07  Hydralisk x2  
  148  16:13  Hydralisk x2  
  152  16:54  Drone  
  152  16:55  Drone x3  
  152  16:56  Overlord x3  
  152  16:59  Corruptor x4  
  164  17:02  Unknown  
  164  17:04  Mutalisk  
  166  17:14  Mutalisk x2  
  166  17:19  Overlord  
  170  17:23  Overlord  
  170  17:41  Hydralisk x3  
  170  17:42  Hydralisk  
  178  18:19  Hydralisk x5  
  188  18:20  Hydralisk  
Tags
 
League
Bronze
Matchup
Co-op
Add a new tag
Caveats
  • Supply blocks, unpowered buildings, or Contaminate may cause inaccurate times.
  • Supply counts are checked every 10 seconds.